 Dungeon Crawl Stone Soup version 0.24.0-13-gcf9b319 (webtiles) character file.

Game seed: 16037062821528813561, levelgen mode: deterministic

24 Fang the Skirmisher (level 3, -4/34 HPs)
             Began as a Gargoyle Berserker on Nov 13, 2019.
             Was a Follower of Trog.
             Slain by Sigmund
             ... wielding a +0 scythe
              (13 damage)
             ... on level 4 of the Dungeon.
             The game lasted 00:00:37 (939 turns).

Fang the Skirmisher (Gargoyle Berserker)             Turns: 939, Time: 00:00:38

Health: -4/34      AC:  5    Str: 26    XL:     3   Next: 2%
Magic:  3/3        EV: 11    Int:  7    God:    Trog [*.....]
Gold:   103        SH:  0    Dex:  9    Spells: 2/2 levels left

rFire    . . .     SeeInvis .   a - +0 hand axe
rCold    . . .     Gourm    .   (no shield)
rNeg     + . .     Faith    .   b - +0 animal skin
rPois    ∞         Spirit   .   (no helmet)
rElec    +         Reflect  .   (no cloak)
rCorr    .         Harm     .   (no gloves)
MR       .....                  (no boots)
Stlth    ..........             (no amulet)
HPRegen  0.11/turn              (no ring)
MPRegen  0.08/turn              (no ring)

@: berserking, heavily drained, very quick
A: negative energy resistance 1, electricity resistance, unbreathing,
petrification resistance, rot immunity, AC +3
a: Berserk, Renounce Religion


You were on level 4 of the Dungeon.
You worshipped Trog.
Trog was aware of your devotion.
You were hungry.

You visited 1 branch of the dungeon, and saw 3 of its levels.

You collected 103 gold pieces.

Inventory:

Hand Weapons
 a - a +0 hand axe (weapon)
Armour
 b - a +0 animal skin (worn)
Scrolls
 e - 2 scrolls of remove curse {unknown}
 i - 2 scrolls of identify {unknown}
 j - a scroll of fog {unknown}
Potions
 d - a potion of flight {unknown}
 g - 3 potions of curing {unknown}
 h - a potion of magic {unknown}
 k - a potion of berserk rage {unknown}
Comestibles
 c - 2 rations
 f - 8 chunks of flesh


   Skills:
 + Level 3.6(2.1) Fighting
 + Level 3.0(1.4) Axes
 + Level 2.6(1.1) Armour
 + Level 1.9(0.5) Dodging


You had 2 spell levels left.
You didn't know any spells.
Your spell library was empty.

Dungeon Overview and Level Annotations

Branches:
Dungeon (2/15)

Altars:

Annotations:
D:4 Sigmund


Innate Abilities, Weirdness & Mutations

You are resistant to torment.
Your stone body is resilient. (AC +3)
You are immune to poison.
You resist negative energy. (rN+)
You are resistant to electric shocks. (rElec)
You can survive without breathing.
You are immune to petrification.
You are immune to rotting.


Message History

The howler monkey skeleton closely misses you.
You hit the howler monkey skeleton but do no damage.
The howler monkey skeleton is lightly damaged.
You hit the howler monkey. You closely miss something.
The howler monkey hits you. Something hits you.
The howler monkey skeleton closely misses you.
An orc comes into view. It is wielding a +0 whip.
The howler monkey barely misses you.
You are too injured to fight recklessly!
You are too injured to fight recklessly!
You are too injured to fight recklessly!
You are too injured to fight recklessly!
You are too injured to fight recklessly!
A red film seems to cover your vision as you go berserk!
You feel yourself moving faster!
You feel mighty!
You are feeling hungry.
The howler monkey skeleton hits you.
* * * LOW HITPOINT WARNING * * *
Something hits you!
You die...

#.......#
#.......#
#.......#
##..(....##
..........
#.......#
#.Zo....#
#.@hs...#
#..{.ol$#
#######oo.
.


You could see a scorpion, a howler monkey, an iguana, 2 orc priests, 2 orcs and
a howler monkey skeleton.

Vanquished Creatures
  A leopard gecko (D:1)
  2 ball pythons (D:1)
  A giant cockroach (D:1)
  5 goblins (D:1)
  2 hobgoblins
  2 jackals (D:2)
  2 kobolds (D:1)
  A bat (D:1)
  2 frilled lizards (D:1)
  2 rats (D:1)
20 creatures vanquished.

Notes
Turn   | Place    | Note
-------+----------+-------------------------------------------
     0 | D:1      | Fang the Gargoyle Berserker began the quest for the Orb.
     0 | D:1      | Reached XP level 1. HP: 14/14 MP: 1/1
   286 | D:1      | Reached XP level 2. HP: 19/19 MP: 2/2
   871 | D:2      | Reached XP level 3. HP: 17/23 MP: 3/3
   931 | D:2      | You fall into a shaft and drop 2 floors!
   931 | D:4      | Noticed Sigmund
   933 | D:4      | Noticed a scorpion
   939 | D:4      | Slain by Sigmund

Levels and vault maps discovered:
D:1:      arrival_zaba_pyramid, layout_basic
D:2:      layout_basic, chequers_serial_rivers_micro_d
D:4:      layout_basic, nemelex_diamond_rough_becter, uniq_blork_the_orc,
          uniq_sigmund

Skill      XL: |  1  2 |
---------------+-------+-----
Axes           | 3 |  3.0
Fighting       | |  3.6
Armour         | |  2.6
Dodging        | |  1.9

Action                   || total
-------------------------++-------
Melee: Hand axe          ||    64
Invok: Berserk           ||     1
Armor: Animal skin       ||    21
Dodge: Dodged            ||    45
